 Dungeon Crawl Stone Soup version 0.27.0-1-g7a089689b8 (webtiles) character file.

Game seed: 9511349509324109130

131 hawla the Covert (level 4, -1/27 HPs)
             Began as a Deep Elf Delver on Aug 8, 2021.
             Was an Initiate of Kikubaaqudgha.
             Frozen to death by an endoplasm (3 damage)
             ... on level 4 of the Dungeon.
             The game lasted 00:03:27 (1013 turns).

hawla the Covert (Deep Elf Delver)                  Turns: 1013, Time: 00:03:28

Health: -1/27      AC:  3    Str:  9    XL:     4   Next: 91%
Magic:  6/6        EV: 12    Int: 16    God:    Kikubaaqudgha [......]
Gold:   9          SH:  0    Dex: 16    Spells: 3/3 levels left

rFire    . . .     SeeInvis .   a - +0 short sword
rCold    . . .     Faith    .   (no shield)
rNeg     . . .     Spirit   .   b - +0 leather armour
rPois    .         Reflect  .   (no helmet)
rElec    .         Harm     .   (no cloak)
rCorr    .         Rampage  .   (no gloves)
Will     .....                  (no boots)
Stlth    ++++......             (no amulet)
HPRegen  0.09/turn              (no ring)
MPRegen  0.10/turn              (no ring)

@: no status effects
A: no striking features
a: Renounce Religion


You were on level 4 of the Dungeon.
You worshipped Kikubaaqudgha.
Kikubaaqudgha was noncommittal.
You visited 2 branches of the dungeon, and saw 3 of its levels.

You collected 9 gold pieces.

Inventory:

Hand Weapons
 a - a +0 short sword (weapon)
Armour
 b - a +0 leather armour (worn)
Wands
 g - a wand of digging (3)
Scrolls
 c - a scroll of fog
 d - a scroll of magic mapping


   Skills:
 + Level 2.8 Fighting
 + Level 2.4 Short Blades
 + Level 2.9 Dodging
 + Level 8.0 Stealth


You had 3 spell levels left.
You didn't know any spells.
Your spell library was empty.

Dungeon Overview and Level Annotations

Branches:
Dungeon (5/15)             Temple (1/1) D:5

Altars:
Ashenzari
Cheibriados
Hepliaklqana
Kikubaaqudgha
Ru
Trog
Vehumet
Jiyva


Message History

You feel sick. The hound completely misses you. The hound closely misses you.
The endoplasm misses you.
You bump into the rock wall.
* * * LOW HITPOINT WARNING * * *
You feel sick. The hound barely misses you. The endoplasm barely misses you.
You hit the endoplasm but do no damage.
You feel sick. The hound bites you. x2
* * * LOW HITPOINT WARNING * * *
The endoplasm hits you.
* * * LOW HITPOINT WARNING * * *
You're too confused to move!
You feel sick. The hound bites you. The endoplasm freezes you.
You are frozen.
* * * LOW HITPOINT WARNING * * *
You bump into the rock wall.
You feel sick. The hound bites you.
* * * LOW HITPOINT WARNING * * *
The hound barely misses you. The endoplasm hits you.
* * * LOW HITPOINT WARNING * * *
You aren't carrying any potions.
You're too confused to move!
You feel less invigorated.
You feel less confused.
You feel sick. The hound bites you.
* * * LOW HITPOINT WARNING * * *
The endoplasm barely misses you.
You hit the endoplasm.
The endoplasm is lightly wounded.
You feel sick. The hound closely misses you.
You hit the endoplasm but do no damage.
The endoplasm is lightly wounded.
You feel sick.
You are no longer poisoned.
The hound bites you but does no damage. The endoplasm barely misses you.
The hound closely misses you.
You hit the endoplasm.
The endoplasm is almost dead.
The hound bites you.
* * * LOW HITPOINT WARNING * * *
The endoplasm freezes you.
You are frozen.
You die...
Kikubaaqudgha rasps: "You have failed me!
Welcome... death!" # ##..#s########. .....Wh@J...... ##.##.########. #

You could see a phantom, a scorpion, a hound and an endoplasm.

Vanquished Creatures
  An ice beast (D:5)
  A centaur zombie (D:5)
  An adder (D:5)
3 creatures vanquished.

Notes
Turn   | Place    | Note
-------+----------+-------------------------------------------
     0 | D:5      | hawla the Deep Elf Delver began the quest for the Orb.
     0 | D:5      | Reached XP level 1. HP: 13/13 MP: 3/3
    21 | D:5      | Reached XP level 2. HP: 3/18 MP: 4/4
    21 | D:5      | Reached XP level 3. HP: 4/22 MP: 5/5
    62 | D:5      | Noticed a scorpion
   278 | D:5      | Reached skill level 7 in Stealth
   282 | D:5      | Noticed an ice beast
   283 | D:5      | Noticed a phantom
   293 | D:5      | Killed an ice beast
   294 | D:5      | Reached skill level 8 in Stealth
   294 | D:5      | Reached XP level 4. HP: 3/27 MP: 6/6
   642 | D:5      | Noticed a scorpion
   652 | D:5      | Found a staircase to the Ecumenical Temple.
   662 | Temple   | Entered the Ecumenical Temple
   882 | Temple   | Became a worshipper of Kikubaaqudgha
  1013 | D:4      | Frozen to death by an endoplasm

Illustrated notes

Levels and vault maps discovered:
D:4:      layout_loops_ring, st_stairs_1, amethyst_killhole,
          kennysheep_another_room, uniq_menkaure
D:5:      minmay_general_purpose_star, layout_basic, minmay_temple_entry_grid,
          minmay_fractal_squares_diagonal_5
Temple:   pf_slimified_temple

Skill      XL: |  1  2  3 |
---------------+----------+-----
Stealth        | 8 |  8.0
Fighting       | |  2.8
Short Blades   | |  2.4
Dodging        | |  2.9

Action                   |  1- 3 |  4- 6 || total
-------------------------+-------+-------++-------
Melee: Short sword       |    16 |    30 ||    46
  Use: Potion            |       |     2 ||     2
       Scroll            |       |     1 ||     1
 Stab: Sleeping          |     3 |       ||     3
Armor: Leather armour    |     5 |     6 ||    11
Dodge: Dodged            |    11 |    28 ||    39
